 Dungeon Crawl Stone Soup version 0.27.1-2-g3b301248ec (webtiles) character file.

Game seed: 17456979384654086099

602 BobTheBalder the Conjurer (level 7, -7/41 HPs)
             Began as an Octopode Conjurer on Sept 29, 2021.
             Was a Priest of Elyvilon.
             Killed by divine providence
             ... invoked by an orc priest
              (10 damage)
             ... on level 6 of the Dungeon.
             The game lasted 00:13:56 (4744 turns).

BobTheBalder the Conjurer (Octopode Conjurer)       Turns: 4744, Time: 00:13:57

Health: -7/41      AC:  1    Str:  6    XL:     7   Next: 41%
Magic:  4/13       EV: 13    Int: 22    God:    Elyvilon [***...]
Gold:   159        SH:  0    Dex: 11    Spells: 12/15 levels left

rFire    + . .     SeeInvis .   c - +2 dagger (venom)
rCold    . . .     Faith    .   (no shield)
rNeg     . . .     Spirit   .   (helmet restricted)
rPois    .         Reflect  .   (no amulet)
rElec    .         Harm     .   l - ring of protection from fire
rCorr    .         Rampage  .   h - ring of flight
Will     .....                  (no ring)
Stlth    ++++......             (no ring)
HPRegen  0.13/turn              (no ring)
MPRegen  0.13/turn              (no ring)
                                (no ring)
                                (no ring)

@: flying
A: almost no armour, amphibious, 8 rings, camouflage 1, gelatinous body 1,
(nimble swimmer 1), tentacles
a: Renounce Religion, Lesser Healing, Heal Other, Purification, Divine
Protection


You were on level 6 of the Dungeon.
You worshipped Elyvilon.
Elyvilon was most pleased with you.
You visited 1 branch of the dungeon, and saw 6 of its levels.

You collected 159 gold pieces.

Inventory:

Hand Weapons
 c - a +2 dagger of venom (weapon)
Missiles
 e - a throwing net
Magical Staves
 m - a staff of air
Jewellery
 h - a ring of flight (right tentacle)
 l - a ring of protection from fire (left tentacle)
Wands
 i - a wand of iceblast (2)
Scrolls
 b - a scroll of teleportation
 j - a scroll of enchant weapon
 k - 4 scrolls of identify
Potions
 a - a potion of might {unknown}
 d - a potion of haste {unknown}
 f - a potion of magic {unknown}
 g - 2 potions of attraction {unknown}
 n - 2 potions of invisibility {unknown}


   Skills:
 + Level 3.5 Dodging
 + Level 5.2 Stealth
 * Level 4.5 Spellcasting
 * Level 5.9 Conjurations


You had 12 spell levels left.
You knew the following spells:

 Your Spells              Type           Power      Damage    Failure   Level
a - Magic Dart            Conj           100%       1d8       1%          1
b - Searing Ray           Conj           62%        3d5       1%          2

Your spell library contained the following spells:

 Spells                   Type           Power      Damage    Failure   Level
 Dazzling Flash           Conj/Hex       36%        N/A       10%         3
 Stone Arrow              Conj/Erth      36%        3d9       10%         3
 Fulminant Prism          Conj/Hex       9%         3d7       30%         4
 Iskenderun's Mystic Bla  Conj/Tloc      18%        2d6       30%         4
 Ozocubu's Armour         Ice            5%         N/A       32%         3
 Metabolic Englaciation   Hex/Ice        2%         N/A       96%         5
 Simulacrum               Ice/Necr       2%         N/A       100%        6
 Lehudib's Crystal Spear  Conj/Erth      9%         10d4      100%        8
 Fire Storm               Conj/Fire      9%         8d2       100%        9
 Animate Armour           Summ/Erth      Unusable   N/A       N/A         4

Dungeon Overview and Level Annotations

Branches:
Dungeon (7/15)             Temple (0/1) D:6

Altars:
Cheibriados
Elyvilon
Gozag
Hepliaklqana
Kikubaaqudgha
Nemelex Xobeh

Shops:
D:1 [


Innate Abilities, Weirdness & Mutations

You cannot wear most types of armour.
You are amphibious.
You can wear up to eight rings at the same time.
Your skin changes colour to match your surroundings (Stealth+).
Your rubbery body absorbs attacks. (AC +1, EV +1)
((You are camouflaged near water. (Stealth+)))
You have tentacles for arms and can constrict up to eight enemies at once.


Message History

Press: ? - help, Shift-Dir - straight line, f - orc priest, p - orc warrior
Aim: an orc priest, wielding a +0 trident (79% to hit)
The searing ray hits the orc warrior.
The orc warrior is severely wounded.
The searing ray hits the orc priest.
The orc priest is heavily wounded. (Press . to maintain the ray.)
The orc warrior throws a boomerang.
The boomerang hits you!
The orc warrior throws a boomerang.
The boomerang hits you!
Casting: Searing Ray (safe; 1% risk of failure)
Confirm with . or Enter, or press ? or * to list all spells.
Aiming: Searing Ray (safe; 1% risk of failure)
Press: ? - help, Shift-Dir - straight line, f - orc warrior
Aim: an orc warrior, wielding a +0 mace, wearing a +0 chain mail and quivering boomerangs (severely wounded, 77% to hit)
The searing ray hits the orc warrior but does no damage.
The orc warrior is severely wounded. (Press . to maintain the ray.)
The orc warrior throws a boomerang.
The boomerang hits you!
* * * LOW HITPOINT WARNING * * *
The searing ray misses the orc warrior.
The orc warrior throws a boomerang.
The boomerang closely misses you.
Okay, then.
You are healed.
You beseech Elyvilon to protect your life.
The orc warrior throws a boomerang.
The boomerang misses you.
The orc wizard casts a spell.
The orc wizard flickers and vanishes!
Deactivating autopickup; reactivate with Ctrl-A.
The orc warrior throws a boomerang.
The boomerang closely misses you.
The orc warrior throws a boomerang.
The boomerang hits you!
* * * LOW HITPOINT WARNING * * *
The orc priest invokes the aid of Beogh against you.
Beogh smites you! Elyvilon protects you from harm!
Your divine protection fades away.
There is a stone staircase leading down here.
You can't go up here!
The orc priest invokes the aid of Beogh against you.
Beogh smites you!
You die...

########## #.# .........##
#.# #####.....##### #.#
##..[.......# #.#
##.>.........# #.# #######
#............###.######.....#
#................o.o{.o.###.#
#.#..............######## #.#
#.##.........@..## #o#
#.###...#...(..## #o.. #.#
##.........# #### #.#
#.##.....## #.####.###...##
#§#....#.8.### #§§.≈≈......#
#≈#'#§#8.>.8# #≈#_#≈......#


You could see an orc warrior and an orc priest.

Vanquished Creatures
  An ogre (D:3)
  A scorpion (D:2)
  3 wights (D:4)
  A gnoll shaman (D:4)
  Natasha (thrice) (D:3)
  An iguana (D:2)
  An orc wizard (D:3)
  Robin (D:3)
  8 gnolls
  An adder (D:3)
  3 worms
  2 dart slugs (D:3)
  4 orcs
  8 ball pythons
  8 endoplasms
  5 giant cockroaches
  10 goblins
  8 hobgoblins
  2 jackals (D:2)
  3 quokkas
  4 bats
  6 frilled lizards
  3 kobolds
  7 rats
94 creatures vanquished.

Notes
Turn   | Place    | Note
-------+----------+-------------------------------------------
     0 | D:1      | BobTheBalder the Octopode Conjurer began the quest for the
                  | Orb.
     0 | D:1      | Reached XP level 1. HP: 11/11 MP: 3/3
   275 | D:1      | Reached XP level 2. HP: 17/17 MP: 1/5
   337 | D:1      | Learned a level 2 spell: Searing Ray
   525 | D:1      | Found a faded altar of an unknown god.
   533 | D:1      | Became a worshipper of Elyvilon the Healer
   533 | D:1      | Reached * piety under Elyvilon
   675 | D:1      | Found Plog's Antique Armour Shoppe.
   800 | D:1      | Reached XP level 3. HP: 21/21 MP: 3/6
  1189 | D:2      | Noticed a scorpion
  1196 | D:2      | Killed a scorpion
  1197 | D:2      | Reached XP level 4. HP: 27/27 MP: 0/8
  1579 | D:2      | Reached XP level 5. HP: 31/31 MP: 5/9
  2008 | D:2      | Got the Catalogue of Arcane Weapons
  2009 | D:2      | Reached ** piety under Elyvilon
  2283 | D:2      | Found an ancient bone altar of Kikubaaqudgha.
  2748 | D:3      | Found an opulent altar of Gozag.
  2936 | D:3      | Reached skill level 5 in Conjurations
  2959 | D:3      | Found a hazy altar of Hepliaklqana.
  2967 | D:3      | Found a sparkling altar of Nemelex Xobeh.
  3028 | D:3      | Noticed an ogre
  3038 | D:3      | Killed an ogre
  3039 | D:3      | Reached XP level 6. HP: 36/36 MP: 6/11
  3393 | D:3      | Reached *** piety under Elyvilon
  3404 | D:3      | Found a white marble altar of Elyvilon.
  3498 | D:3      | Noticed Natasha
  3507 | D:3      | Killed Natasha
  3610 | D:3      | Noticed Natasha
  3613 | D:3      | Killed Natasha
  3827 | D:3      | Noticed Robin
  3839 | D:3      | Killed Robin
  4091 | D:3      | Noticed Natasha
  4094 | D:3      | Killed Natasha
  4199 | D:4      | Reached XP level 7. HP: 41/41 MP: 9/13
  4247 | D:4      | Reached skill level 5 in Stealth
  4486 | D:4      | You fall into a shaft and drop 3 floors!
  4625 | D:6      | Found a staircase to the Ecumenical Temple.
  4660 | D:6      | Found a snail-covered altar of Cheibriados.
  4739 | D:6      | HP: 2/41 [orc warrior/boomerang (12)]
  4740 | D:6      | Elyvilon protects you from harm!
  4744 | D:6      | Killed from afar by an orc priest

Illustrated notes

Levels and vault maps discovered:
D:1:      minmay_arrival_open_corners, layout_loops_ring,
          shapermc_ecumenical_altar_starsandcircs, serial_shops,
          nicolae_shop_statue_plus
D:2:      layout_basic, basic_altar, cheibrodos_gnoll_hut
D:3:      layout_basic, elyvilon_altar_3, mainiacjoe_overflow_brackets,
          mainiacjoe_overflow_chevrons, mainiacjoe_overflow_alcove_1,
          uniq_natasha, uniq_robin
D:4:      layout_basic, ebering_ghost_sewer_f
D:6:      layout_loops_ring, kennysheep_mini_moat, old_standard_altar,
          marbit_many_paths, minmay_temple_entry_statues_pillars, minivault_25
D:7:      kennysheep_housing_project, layout_gridville, serial_shops, shop

Skill      XL: |  1  2  3  4  5  6  7 |
---------------+----------------------+-----
Stealth        | 3 4 5 |  5.2
Spellcasting   | 3 4 |  4.5
Conjurations   | 5 |  5.9
Dodging        | 3 |  3.5

Action                   |  1- 3 |  4- 6 |  7- 9 || total
-------------------------+-------+-------+-------++-------
Melee: Dagger            |     9 |    10 |       ||    19
       Constrict         |     2 |     3 |       ||     5
       Tentacles         |     2 |       |       ||     2
 Cast: Magic Dart        |    46 |    89 |    13 ||   148
       Searing Ray       |     1 |    15 |     7 ||    23
Invok: Divine Protection |       |       |     1 ||     1
       Lesser Healing    |       |       |     1 ||     1
  Use: Scroll            |       |     5 |     1 ||     6
Armor: Skin              |       |     2 |     2 ||     4
Dodge: Dodged            |     5 |    18 |    17 ||    40
